 Dungeon Crawl Stone Soup version 0.29-a0-334-gb41bcbb86e (webtiles) character file.

Game seed: 7597220178090452053

43 jlumianski the Skirmisher (level 3, -3/29 HPs)
             Began as a Demonspawn Fighter on Apr 14, 2022.
             Slain by an orc
             ... wielding a +0 mace
              (6 damage)
             ... on level 3 of the Dungeon.
             The game lasted 00:03:27 (1236 turns).

jlumianski the Skirmisher (Demonspawn Fighter)      Turns: 1236, Time: 00:03:28

Health: -3/29      AC:  6    Str: 18    XL:     3   Next: 37%
Magic:  3/3        EV:  9    Int:  9    God:
Gold:   84         SH:  8    Dex: 12    Spells: 2/2 levels left

rFire   . . .      SeeInvis .   a - +0 war axe
rCold   . . .      Faith    .   c - +0 buckler
rNeg    . . .      Spirit   .   b - +0 scale mail
rPois   .          Reflect  .   (no helmet)
rElec   .          Harm     .   (no cloak)
rCorr   .          Rampage  .   (no gloves)
Will    .....                   (no boots)
Stlth   ..........              (no amulet)
HPRegen 0.09/turn               (no ring)
MPRegen 0.08/turn               (no ring)

@: no status effects
A: large bone plates 1
a: no special abilities


You were on level 3 of the Dungeon.
You visited 1 branch of the dungeon, and saw 3 of its levels.

You collected 84 gold pieces.

Inventory:

Hand Weapons
 a - a +0 war axe (weapon)
 f - a +0 hunting sling
 i - a +1 vorpal mace
 j - a +0 short sword of flaming
Missiles
 g - 26 stones (quivered)
Armour
 b - a +0 scale mail (worn)
 c - a +0 buckler (worn)
 k - a +0 pair of gloves
Scrolls
 h - a scroll of magic mapping {unknown}
 n - a scroll of amnesia {unknown}
Potions
 d - 2 potions of might
 e - a potion of mutation {unknown}
 l - a potion of heal wounds {unknown}
 m - a potion of degeneration {unknown}


   Skills:
 + Level 3.4 Fighting
 + Level 2.3 Axes
 + Level 3.0 Armour
 + Level 3.0 Shields


You had 2 spell levels left.
You didn't know any spells.
Your spell library contained the following spells:

 Spells                   Type           Power      Damage    Failure   Level
 Passage of Golubria      Tloc           0%         N/A       100%        4
 Silence                  Hex/Air        0%         N/A       100%        5
 Lehudib's Crystal Spear  Conj/Erth      0%         10d2      100%        8


Dungeon Overview and Level Annotations

Branches:
Dungeon (3/15)

Altars:


Innate Abilities, Weirdness & Mutations

You are partially covered in large bone plates. (SH +4)


Message History

You hit the orc.
The orc is severely wounded.
You hit the orc. You block the orc's attack. The orc barely misses you.
The orc hits you but does no damage. You block the orc's attack.
You closely miss the orc.
The orc is severely wounded.
You closely miss the orc. The orc closely misses you. x2
You barely miss the orc.
The orc is severely wounded.
You barely miss the orc. You block the orc's attack.
The orc hits you with a +0 whip. The orc hits you but does no damage.
The orc completely misses you.
You closely miss the orc.
The orc is severely wounded.
You hit the orc.
You kill the orc!
The orc hits you but does no damage.
You are poisoned.
You hit the orc but do no damage.
The orc is severely wounded.
You feel very sick.
The orc hits you with a +2 mace of venom.
An orc comes into view. It is wielding a +0 mace.
The orc hits you but does no damage.
The orc shouts!
You hit the orc.
You kill the orc!
You feel very sick.
You feel sick. You block the orc's attack.
Things that are here:
a +2 mace of venom; a +0 leather armour You hit the orc but do no damage.
You feel sick. You block the orc's attack.
You closely miss the orc.
You feel sick. The orc completely misses you. The orc hits you with a +0 mace.
* * * LOW HITPOINT WARNING * * *
You closely miss the orc.
You feel sick. You block the orc's attack.
You barely miss the orc.
You feel sick.
You are no longer poisoned.
The orc hits you with a +0 mace.
You die...

#......#
#.#...##...
#####..#
#........#. ##.#
##.....####. #.#
###.......####
#.#
#...........#.
#.##
#.....##..#.#.
#..###
###...รท####.#.<.
##..)###.....##
#.....
###.)@#.....#
##...#
###o....#.##
#...# #..#...#..#
#....
........##.#
#.##. #.....##.#
..# #.# .
......##...##.#
.. # .<......
.#.# .. .........
# ##. .....!...
..


You could see an orc.

Vanquished Creatures
  An ufetubus (D:3)
  A dart slug (D:1)
  7 orcs (D:3)
  3 ball pythons
  A goblin (D:2)
  2 hobgoblins
  2 quokkas (D:1)
  4 bats
  4 kobolds (D:1)
  2 rats (D:1)
27 creatures vanquished.

Notes
Turn   | Place    | Note
-------+----------+-------------------------------------------
     0 | D:1      | jlumianski the Demonspawn Fighter began the quest for the
                  | Orb.
     0 | D:1      | Reached XP level 1. HP: 18/18 MP: 1/1
   510 | D:1      | Gained mutation: You are partially covered in large bone
                  | plates. (SH +4) [demonic ancestry]
   510 | D:1      | Reached XP level 2. HP: 24/24 MP: 2/2
   842 | D:1      | Found a faded altar of an unknown god.
   989 | D:3      | Reached XP level 3. HP: 20/29 MP: 3/3
  1236 | D:3      | Slain by an orc

Illustrated notes

Levels and vault maps discovered:
D:1:      psy_arrival_fountain, layout_loops_ring,
          hellmonk_ecumenical_altar_leap_of_faith, minmay_misc_feat_diagonals
D:2:      layout_basic
D:3:      layout_rooms, minmay_misc_feat_square

Skill      XL: |  1  2 |
---------------+-------+-----
Axes           | 2 |  2.3
Shields        | 3 |  3.0
Armour         | 3 |  3.0
Fighting       | |  3.4

Action                   || total
-------------------------++-------
Melee: War axe           ||    78
  Use: Scroll            ||     4
Armor: Scale mail        ||    37
Dodge: Dodged            ||    31
Block: Buckler           ||    34

Table legend: (Time is in decaauts)
 A = Elapsed time spent in this place.
 B = Non-inter-level travel time spent in this place.
 C = Inter-level travel time spent in this place.
 D = Time resting spent in this place.
 E = Time spent auto-exploring this place.
 F = Levels seen in this place.
 G = Mean time per level.
                   A        B        C        D        E       F      G
               +--------+--------+--------+--------+--------+-----+--------+
         Total |   1272 |   1272 |      0 |      0 |    757 |   3 |  424.0 |
       Dungeon |   1272 |   1272 |      0 |      0 |    757 |   3 |  424.0 |
               +--------+--------+--------+--------+--------+-----+--------+

Top non-repeatable levels by time:
     D:1: 885 daAuts
     D:3: 338 daAuts
     D:2: 48 daAuts
